 Dungeon Crawl Stone Soup version 0.14-a0-1773-ge500af7 (webtiles) character file.

119 Mitsuki the Changer (level 3, -1/26 HPs)
             Began as a Merfolk Transmuter on Jan 7, 2014.
             Slain by a hobgoblin
             ... wielding a +0,+0 club
              (6 damage)
             ... on Level 2 of the Dungeon.
             The game lasted 00:03:56 (1216 turns).

Mitsuki the Changer (Merfolk Transmuter)            Turns: 1216, Time: 00:03:56

HP  -1/26        AC  2     Str 10      XL: 3   Next: 89%
MP   2/6         EV 21     Int 13      God:
Gold 66          SH  0     Dex 19      Spells:  3 memorised,  0 levels left

rFire  . . .     SeeInvis .     j - melded +0,+3 short sword (protect)
rCold  . . .     Clarity  .     c - melded +0 robe
rNeg   . . .     Conserve .     (shield currently unavailable)
rPois  x         rCorr    .     (helmet currently unavailable)
rElec  .         rRot     .     (cloak currently unavailable)
SustAb . .       Spirit   .     (gloves currently unavailable)
rMut   .         Warding  .     (boots currently unavailable)
Saprov . . .     Stasis   .     (no amulet)
                                (no ring)
                                (no ring)

@: spider-form, quick, not resistant to hostile enchantments, unstealthy
A: (change form in water), (swift swim)
a: End Transformation


You were on level 2 of the Dungeon.
You were hungry.
You were in spider-form.
You visited 1 branch of the dungeon, and saw 2 of its levels.

You collected 66 gold pieces.

Inventory:

Hand weapons
 j - a +0,+3 short sword of protection (melded)
Missiles
 b - 41 arrows
Armour
 c - a +0 robe (melded)
Comestibles
 a - 2 bread rations
Scrolls
 e - 2 scrolls of random uselessness {unknown}
 g - a scroll of teleportation {unknown}
 k - 2 scrolls of enchant weapon II {unknown}
 l - a scroll of noise {unknown}
Potions
 f - a potion of confusion {unknown}
 h - 3 potions of heal wounds {unknown}
 i - a potion of curing {unknown}
Books
 d - a book of Changes

   Spells                             Type                      Level
   *Beastly Appendage                 Transmutation                1
   *Sticks to Snakes                  Transmutation                2
   *Spider Form                       Transmutation/Poison         3
   Ice Form                           Ice/Transmutation            4
   Blade Hands                        Transmutation                5


   Skills:
 - Level 1.1 Fighting
 - Level 2.6 Dodging
 - Level 3.2 Unarmed Combat
 - Level 2.0 Spellcasting
 + Level 5.4 Transmutations


You couldn't memorise any spells.
You knew the following spells:

 Your Spells              Type           Power        Failure   Level  Hunger
a - Beastly Appendage     Trmt           ###...       12%         1    ##.....
b - Sticks to Snakes      Trmt           ###.......   17%         2    ###....
c - Spider Form           Trmt/Pois      #.........   50%         3    ####...


Dungeon Overview and Level Annotations

Branches:
Dungeon (2/16)

Altars:


Message History

You hit the jackal.
You kill the jackal!
You see here a jackal corpse.
Things that are here:
a giant gecko corpse; a jackal corpse; 14 gold pieces
Casting: Beastly Appendage
Confirm with . or Enter, or press ? or * to list all spells.
You don't know that spell.
Casting: Beastly Appendage
Confirm with . or Enter, or press ? or * to list all spells.
Your horns disappear.
You turn into a venomous arachnid creature.
Your +0,+3 short sword of protection melds into your body.
You feel less protected.
Your +0 robe melds into your body.
You barely miss the hobgoblin. The hobgoblin hits you with a club.
* * * LOW HITPOINT WARNING * * *
You hit the hobgoblin.
The hobgoblin is poisoned.
The hobgoblin is heavily wounded.
The hobgoblin hits you with a club.
You die...

########## #........<#
#.........# ..........#
#.......%.# #####
#.........#####...##....
####.#.....sg.%........
#.#.#######...##.... #
#. #...# #. #...# ..
....# #. #...# . #...#
...## ##.


You could see a hobgoblin.

Vanquished Creatures
  2 adders (D:2)
  An ooze (D:1)
  3 bats (D:1)
  4 goblins (D:1)
  4 hobgoblins
  4 jackals (D:2)
  3 giant cockroaches (D:1)
  3 giant geckos
  A kobold (D:1)
  2 rats (D:1)
27 creatures vanquished.

Vanquished Creatures (collateral kills)
  A gnoll (D:1)
1 creature vanquished.

Grand Total: 28 creatures vanquished

Notes
Turn   | Place    | Note
--------------------------------------------------------------
     0 | D:1      | Mitsuki, the Merfolk Transmuter, began the quest for the Orb.
     0 | D:1      | Reached XP level 1. HP: 15/15 MP: 3/3
   263 | D:1      | Reached XP level 2. HP: 21/21 MP: 2/4
   477 | D:1      | Reached skill level 4 in Transmutations
   491 | D:1      | Learned a level 2 spell: Sticks to Snakes
  1007 | D:1      | Reached XP level 3. HP: 26/26 MP: 4/6
  1012 | D:1      | Learned a level 3 spell: Spider Form
  1172 | D:2      | Reached skill level 5 in Transmutations
  1216 | D:2      | Slain by a hobgoblin

Action                   || total
-------------------------++-------
Melee: Unarmed           ||    75
       Short sword       ||    27
 Cast: Beastly Appendage ||    13
       Sticks to Snakes  ||     2
       Spider Form       ||     3
